 Dungeon Crawl Stone Soup version 0.20.1-1-g8b1a95d (webtiles) character file.

657 Mesmaeker13 the Firebug (level 7, -3/50 HPs)
             Began as a Pale Draconian Fire Elementalist on Aug 27, 2017.
             Slain by an iguana (7 damage)
             ... on level 4 of the Dungeon on Aug 28, 2017.
             The game lasted 00:16:23 (6274 turns).

Mesmaeker13 the Firebug (DrFE)                      Turns: 6274, Time: 00:16:23

Health: -3/50      AC:  6    Str: 10    XL:     7   Next: 29%
Magic:  9/25       EV: 12    Int: 17    God:
Gold:   226        SH:  5    Dex: 12    Spells: 1/10 levels left

rFire    . . .     SeeInvis +   s - staff of power
rCold    . . .     Gourm    .   j - +0 buckler
rNeg     + . .     Faith    .   (armour unavailable)
rPois    .         Spirit   .   (helmet restricted)
rElec    .         Reflect  .   (no cloak)
rCorr    .         Harm     .   (no gloves)
MR       .....                  (no boots)
Stlth    ++........             (no amulet)
Regen    0.2/turn               d - ring of see invisible
MPRegen  0.2/turn               y - ring of positive energy

@: short of breath, hasted, very quick
A: breathe steam, unfitting armour, cold-blooded, AC +6
a: Breathe Steam


You were on level 4 of the Dungeon.
You were not hungry.

You visited 1 branch of the dungeon, and saw 4 of its levels.

You collected 226 gold pieces.

Inventory:

Hand Weapons
 h - a +0 dagger of pain
 q - a +1 short sword of speed
 r - a +0 blowgun
Missiles
 n - 3 javelins (quivered)
 o - 2 needles of sleeping
 v - 3 poisoned needles
Armour
 j - a +0 buckler (worn)
Magical Staves
 s - an uncursed staff of power (weapon)
Jewellery
 d - a ring of see invisible (left hand)
 y - a ring of positive energy (right hand)
Scrolls
 e - 9 scrolls of remove curse
 k - 2 scrolls of identify
 m - 3 scrolls of recharging
 B - a scroll of enchant armour {unknown}
Potions
 c - a potion of flight
Books
 a - a book of Flames

   Spells                             Type                      Level
   a - Flame Tongue                   Conjuration/Fire             1
   b - Throw Flame                    Conjuration/Fire             2
   c - Conjure Flame                  Conjuration/Fire             3
   d - Inner Flame                    Hexes/Fire                   3
   e - Sticky Flame                   Conjuration/Fire             4
   f - Fireball                       Conjuration/Fire             5
Comestibles
 b - 3 bread rations
 f - 2 meat rations
 w - a royal jelly
 z - 3 fruits


   Skills:
 + Level 2.2 Dodging
 - Level 1.7 Stealth
 - Level 4.1 Shields
 - Level 2.0 Spellcasting
 + Level 4.8 Conjurations
 + Level 5.7 Fire Magic


You had one spell level left.
You knew the following spells:

 Your Spells              Type           Power        Failure   Level  Hunger
a - Flame Tongue          Conj/Fire      ###..        2%          1    #......
b - Throw Flame           Conj/Fire      ###...       3%          2    ###....
c - Conjure Flame         Conj/Fire      ###.....     7%          3    ###....
d - Inner Flame           Hex/Fire       ##......     19%         3    ###....


Dungeon Overview and Level Annotations

Branches:
Dungeon (4/15)
 Temple: D:4-7

Altars:
Trog


Innate Abilities, Weirdness & Mutations

You can breathe blasts of scalding, opaque steam.
Your pale cyan-grey scales are hard. (AC +6)
You cannot fit into any form of body armour.
You are cold-blooded and may be slowed by cold attacks.


Message History

Okay, then.
Press: ? - help, Shift-Dir - straight line, p - ogre You exhale a blast of scalding steam.
The ball of steam hits the ogre.
The ogre is moderately wounded.
You feel slightly more hungry.
The ogre is engulfed in a cloud of scalding steam.
The ogre hits you with a giant club!
* * * LOW HITPOINT WARNING * * *
The iguana completely misses you.
The ogre is engulfed in a cloud of scalding steam.
You block the ogre's attack.
Unknown command.
Casting: Throw Flame
Confirm with . or Enter, or press ? or * to list all spells.
Aiming: Flame Tongue
Press: ? - help, Shift-Dir - straight line The flame tongue hits the ogre.
The ogre is almost dead.
The iguana bites you!
You die...

.......# #.....#############
.......## #.....# #<#
........# #.....# #.#
........#######.....########.#
#####.....)...'.....)........#
#.#.#######.....##########
#.#.# #.....# #.#.#
#######################
#####.#.#
#....l@O§..............
#.....#.#
#.#####################
#.#####.# #.#......# #....<.
#.# #.#
#.#.####.########.##### #)#
#.# #.#...........)...#
#)#####.###.######.##########
#.......#..........#
#.#########.######.# ### ###
###


You could see an ogre and an iguana.

Vanquished Creatures
  Sigmund (D:4)
  A scorpion (D:4)
  A hound (D:4)
  An orc wizard (D:4)
  A centaur skeleton (D:4)
  Jessica (D:3)
  Terence (D:2)
  7 gnolls
  Robin (D:3)
  10 adders
  3 oozes
  2 worms
  3 dart slugs
  3 leopard geckos (D:4)
  5 orcs
  6 bats
  7 giant cockroaches
  18 goblins
  18 hobgoblins
  4 jackals (D:3)
  9 kobolds
  3 quokkas
  2 ball pythons
  7 frilled lizards
  8 rats
123 creatures vanquished.

Notes
Turn   | Place    | Note
-------+----------+-------------------------------------------
     0 | D:1      | Mesmaeker13 the Draconian Fire Elementalist began the quest for the Orb.
     0 | D:1      | Reached XP level 1. HP: 14/14 MP: 3/3
   441 | D:1      | Reached XP level 2. HP: 20/20 MP: 0/5
   966 | D:1      | Reached XP level 3. HP: 26/26 MP: 3/6
  1005 | D:1      | Learned a level 2 spell: Throw Flame
  1301 | D:2      | Noticed Terence
  1817 | D:1      | Reached skill level 1 in Shields
  1817 | D:1      | Reached XP level 4. HP: 11/33 MP: 0/7
  2228 | D:2      | Learned a level 3 spell: Conjure Flame
  3478 | D:2      | Reached XP level 5. HP: 38/38 MP: 5/8
  3746 | D:2      | Killed Terence
  3746 | D:2      | Reached skill level 4 in Fire Magic
  4088 | D:3      | Noticed Robin
  4481 | D:3      | Killed Robin
  4800 | D:3      | Reached XP level 6. HP: 45/45 MP: 8/9
  4894 | D:3      | Noticed Jessica
  4915 | D:3      | Killed Jessica
  5068 | D:3      | Found a bloodstained altar of Trog.
  5309 | D:4      | Learned a level 3 spell: Inner Flame
  5812 | D:4      | Noticed Sigmund
  5857 | D:4      | Killed Sigmund
  5857 | D:4      | Reached skill level 5 in Fire Magic
  5857 | D:4      | Your scales start taking on a pale cyan-grey colour.
  5857 | D:4      | Reached XP level 7. HP: 28/50 MP: 6/10
  6274 | D:4      | Slain by an iguana

Skill      XL: |  1  2  3  4  5  6 |
---------------+-------------------+-----
Dodging        | 2 |  2.2
Conjurations   | 2 3 4 |  4.8
Shields        | 1 2 4 |  4.1
Fire Magic     | 4 5 |  5.7
Stealth        | |  1.7
Spellcasting   | |  2.0

Action                   |  1- 3 |  4- 6 |  7- 9 || total
-------------------------+-------+-------+-------++-------
Melee: Unarmed           |     7 |       |       ||     7
       Club              |     7 |       |       ||     7
       Tailslap          |     5 |     2 |       ||     7
       Dagger            |    12 |       |       ||    12
       Flail             |     5 |    25 |       ||    30
       Staff             |       |    19 |       ||    19
       Short sword       |       |     2 |       ||     2
 Fire: Blowgun           |       |     1 |     6 ||     7
 Cast: Flame Tongue      |    49 |   112 |     3 ||   164
       Throw Flame       |     1 |    65 |     5 ||    71
       Inner Flame       |       |     1 |       ||     1
 Abil: Breathe Steam     |       |       |     1 ||     1
  Use: Scroll            |       |     4 |     4 ||     8
       Potion            |       |       |     4 ||     4
 Stab: Distracted        |     1 |       |       ||     1
  Eat: Chunk             |     3 |    19 |     2 ||    24
Armor: Skin              |     6 |    34 |     1 ||    41
Dodge: Dodged            |    31 |    75 |     7 ||   113
Block: Buckler           |       |       |     3 ||     3
